Map: Daybreak LE (Void)

Players

Musumeci

  • Race: Zerg Zerg
  • League: Diamond
  • Spawn Location: 7:00

sonobeno - Winner!

  • Race: Protoss Protoss
  • League: Diamond
  • Spawn Location: 1:00

VOD

Have the link to the VOD?

Description

Time

  • Played on: Jan. 23, 2017, 4:14 p.m.
  • Length: 18:14
Show
View Real Time Build Order
Export as new Build Order

Musumeci Zerg 

Build Orders: Hatch First, Lurkers 

Get SALT Encoding   

  12  0:01  Drone  
  13  0:08  Drone  
  14  0:24  Extractor  
  14  0:26  Drone  
  15  0:40  Hatchery  
  14  0:46  Extractor  
  14  0:48  Drone  
  15  1:01  Spawning Pool  
  14  1:18  Extractor  
  14  1:19  Drone  
  14  1:21  Drone, Extractor  
  15  1:50  Overlord  
  15  1:51  Overlord  
  15  2:05  Drone x4  
  18  2:19  Zergling x4  
  20  2:23  Queen  
  20  2:28  Queen  
  24  2:34  Drone  
  24  3:07  Zergling x2  
  24  3:08  Zergling x8  
  24  3:10  Metabolic Boost  
  28  3:24  Zergling x2  
  28  3:25  Zergling x4  
  26  3:34  Drone x2  
  28  3:43  Overlord  
  28  3:59  Burrow  
  28  4:03  Drone x6  
  34  4:25  Drone  
  34  4:29  Drone  
  36  4:31  Hatchery  
  35  4:52  Drone  
  36  4:53  Drone x5  
  36  4:55  Roach Warren  
  36  5:24  Drone x7  
  43  5:28  Spore Crawler  
  43  5:29  Spore Crawler  
  43  5:31  Lair  
  41  5:36  Drone x2  
  41  5:37  Spore Crawler  
  41  5:38  Extractor  
  41  5:40  Extractor  
  40  5:46  Drone x4  
  44  5:52  Roach x2  
  48  6:11  Roach  
  46  6:26  Roach  
  46  6:27  Overlord  
  46  6:28  Overlord x2  
  48  6:37  Ravager  
  49  6:52  Overseer  
  47  6:54  Drone  
  47  6:55  Drone x13  
  61  7:05  Glial Reconstitution  
  61  7:13  Hydralisk Den  
  61  7:14  Drone x3  
  63  7:16  Extractor  
  63  7:18  Drone x4  
  63  7:19  Overlord x2  
  63  7:21  Queen  
  67  7:48  Roach x3  
  67  7:49  Roach  
  75  8:01  Roach  
  75  8:02  Roach x7  
  88  8:18  Muscular Augments  
  88  8:21  Ravager  
  89  8:47  Drone  
  89  8:48  Drone  
  89  8:49  Drone  
  82  9:00  Overseer  
  71  9:35  Drone x6  
  71  9:36  Drone x9  
  86  9:46  Roach x2  
  84  10:02  Roach x2  
  84  10:07  Roach x2  
  81  10:16  Drone  
  81  10:18  Overlord x4  
  82  10:26  Roach x2  
  82  10:28  Roach  
  82  10:31  Roach x2  
  82  10:34  Overlord x4  
  82  10:35  Overlord x2  
  82  10:39  Queen  
  84  11:03  Hydralisk x2  
  84  11:04  Hydralisk x8  
  84  11:10  Lurker Den, Evolution Chamber  
  101  11:12  Overlord x3  
  101  11:13  Roach x2  
  90  11:40  Drone  
  90  11:41  Drone x2  
  90  11:42  Drone x2  
  85  11:51  Drone x8  
  85  11:52  Drone x3  
  94  11:56  Spore Crawler  
  91  12:09  Hatchery  
  91  12:11  Roach  
  90  12:23  Hatchery  
  81  12:34  Drone  
  81  12:35  Drone x3  
  85  12:45  Queen  
  85  12:46  Hydralisk Den  
  88  12:51  Roach x4  
  88  12:52  Roach x5  
  88  12:53  Ravager x5  
  88  12:54  Ravager x2  
  88  12:57  Extractor  
  110  12:59  Extractor  
  109  13:13  Overlord x3  
  109  13:19  Spine Crawler  
  108  13:23  Lurker Den  
  108  13:24  Spine Crawler  
  108  13:27  Spore Crawler  
  106  13:29  Spine Crawler  
  106  13:31  Spine Crawler  
  106  13:32  Spine Crawler  
  103  13:37  Drone x2  
  103  13:38  Drone x3  
  103  13:39  Drone  
  109  13:46  Spine Crawler, Ravager x2  
  109  13:47  Ravager  
  111  13:50  Drone x5  
  111  13:51  Queen  
  111  13:55  Ravager x3  
  122  13:56  Ravager x3  
  124  14:15  Zergling x2  
  124  14:16  Zergling x8  
  129  14:34  Hydralisk x5  
  129  14:35  Hydralisk  
  129  14:36  Overlord x4  
  139  14:47  Overlord  
  139  14:48  Overlord x2  
  139  14:56  Lurker x9  
  146  15:10  Hydralisk x10  
  146  15:12  Overseer  
  166  15:23  Pneumatized Carapace  
  166  16:03  Queen  
  90  17:04  Overseer  
  90  17:05  Overseer x5  
  90  17:06  Hydralisk  
  90  17:07  Hydralisk x14  
  97  17:38  Hatchery  
Show
View Real Time Build Order
Export as new Build Order

sonobeno Protoss - Winner!

Build Orders: Zealot Archon 

Get SALT Encoding   

  12  0:02  Probe (Chrono Boost)  
  13  0:13  Probe (Chrono Boost)  
  14  0:22  Pylon  
  14  0:23  Probe (Chrono Boost)  
  15  0:41  Probe (Chrono Boost)  
  16  0:44  Gateway  
  16  0:51  Probe (Chrono Boost)  
  17  0:57  Gateway  
  17  1:08  Assimilator  
  17  1:09  Probe (Chrono Boost)  
  18  1:22  Probe (Chrono Boost)  
  19  1:27  Pylon  
  19  1:32  Probe (Chrono Boost)  
  20  1:34  Cybernetics Core  
  20  1:43  Probe (Chrono Boost)  
  20  1:44  Assimilator  
  21  1:53  Probe (Chrono Boost)  
  22  2:04  Probe (Chrono Boost)  
  22  2:05  Pylon  
  23  2:12  Adept x2  
  23  2:13  Warp Gate  
  27  2:37  Adept  
  27  2:40  Adept  
  31  2:56  Nexus  
  31  3:15  Pylon  
  32  3:35  Probe (Chrono Boost)  
  32  3:43  Twilight Council  
  32  3:47  Probe (Chrono Boost)  
  33  3:55  Pylon  
  33  3:59  Probe (Chrono Boost)  
  36  4:13  Mothership Core (Chrono Boost)  
  36  4:14  Probe (Chrono Boost)  
  37  4:18  Gateway  
  37  4:23  Robotics Facility  
  37  4:25  Dark Shrine, Probe (Chrono Boost)  
  37  4:28  Pylon  
  38  4:37  Probe (Chrono Boost)  
  40  4:39  Probe (Chrono Boost)  
  40  4:45  Assimilator  
  40  4:48  Probe (Chrono Boost)  
  40  4:51  Probe (Chrono Boost)  
  40  4:52  Sentry  
  44  4:58  Probe (Chrono Boost)  
  45  5:02  Probe (Chrono Boost)  
  46  5:09  Probe (Chrono Boost)  
  46  5:12  Probe (Chrono Boost)  
  48  5:19  Probe (Chrono Boost)  
  49  5:21  Assimilator  
  49  5:23  Probe (Chrono Boost)  
  50  5:30  Sentry, Probe (Chrono Boost)  
  50  5:33  Probe (Chrono Boost)  
  54  5:38  Warp Prism  
  54  5:40  Probe (Chrono Boost)  
  57  5:44  Probe (Chrono Boost)  
  57  5:45  Dark Templar  
  60  6:06  Pylon  
  60  6:08  Pylon  
  60  6:10  Probe x2 (Chrono Boost)  
  62  6:12  Observer  
  62  6:16  Gateway  
  62  6:17  Gateway  
  63  6:22  Probe (Chrono Boost)  
  63  6:24  Probe (Chrono Boost)  
  66  6:34  Adept x2, Probe x2 (Chrono Boost)  
  66  6:39  Forge  
  71  6:41  Gateway  
  72  6:54  Probe (Chrono Boost)  
  72  7:02  Nexus  
  72  7:06  Pylon, Dark Templar x3  
  78  7:11  Probe (Chrono Boost)  
  78  7:12  Probe (Chrono Boost)  
  78  7:13  Protoss Ground Weapons Level 1  
  78  7:14  Dark Templar  
  83  7:24  Probe (Chrono Boost)  
  83  7:25  Archon x2  
  83  7:28  Probe (Chrono Boost)  
  84  7:36  Probe (Chrono Boost)  
  83  7:38  Pylon  
  83  7:40  Probe (Chrono Boost)  
  84  7:48  Probe (Chrono Boost)  
  85  7:52  Photon Cannon  
  85  7:54  Probe (Chrono Boost)  
  85  7:55  Gateway  
  85  7:57  Pylon, Assimilator  
  86  8:02  Assimilator  
  86  8:13  Dark Templar x3  
  86  8:17  Probe (Chrono Boost)  
  86  8:18  Probe (Chrono Boost)  
  95  8:28  Probe (Chrono Boost)  
  95  8:35  Nexus  
  95  8:37  Pylon  
  95  8:40  Pylon  
  95  8:59  Probe (Chrono Boost)  
  95  9:01  Probe (Chrono Boost)  
  93  9:10  Stalker x3  
  93  9:11  Stalker x3  
  100  9:41  Dark Templar x3  
  100  9:43  Pylon  
  100  9:45  Assimilator, Dark Templar x2  
  108  9:47  Observer  
  108  9:50  Assimilator  
  108  9:54  Pylon  
  108  9:56  Photon Cannon  
  108  9:57  Photon Cannon  
  108  9:59  Photon Cannon  
  104  10:00  Probe (Chrono Boost)  
  104  10:03  Pylon  
  104  10:04  Probe (Chrono Boost)  
  103  10:07  Probe (Chrono Boost)  
  103  10:10  Gateway x2  
  104  10:14  Probe (Chrono Boost)  
  104  10:17  Stargate  
  104  10:18  Stargate, Archon  
  104  10:24  Observer  
  104  10:25  Stalker x2  
  107  10:32  Probe (Chrono Boost)  
  106  10:36  Robotics Facility  
  106  10:38  Pylon, Probe (Chrono Boost)  
  107  10:54  Probe (Chrono Boost)  
  107  10:55  Stalker, Nexus  
  107  10:56  Stalker  
  110  10:58  Pylon  
  110  11:00  Observer, Pylon  
  110  11:02  Pylon  
  111  11:09  Dark Templar x2  
  111  11:10  Photon Cannon, Dark Templar  
  117  11:18  Protoss Ground Weapons Level 2  
  117  11:31  Probe (Chrono Boost)  
  118  11:40  Fleet Beacon  
  118  11:46  Probe (Chrono Boost)  
  119  11:48  Probe (Chrono Boost)  
  120  11:56  Probe (Chrono Boost)  
  120  11:57  Gateway, Blink  
  120  12:00  Gateway, Templar Archives  
  122  12:01  Probe (Chrono Boost)  
  122  12:02  Gateway  
  117  12:17  Probe (Chrono Boost)  
  117  12:27  Zealot x5  
  117  12:29  Carrier  
  127  12:31  Carrier  
  113  12:40  Probe (Chrono Boost)  
  113  12:42  Graviton Catapult  
  120  12:45  Pylon  
  120  12:50  Assimilator, Psionic Storm  
  120  12:53  Assimilator  
  120  12:54  Probe (Chrono Boost)  
  120  12:55  Photon Cannon  
  120  12:58  Photon Cannon  
  121  13:00  Photon Cannon  
  121  13:09  Probe x2 (Chrono Boost)  
  124  13:14  Probe (Chrono Boost)  
  124  13:15  High Templar x4  
  124  13:16  High Templar x3  
  138  13:20  Archon  
  138  13:22  Archon  
  138  13:24  Protoss Air Weapons Level 1  
  138  13:31  Gateway  
  138  13:34  Probe x2 (Chrono Boost)  
  140  13:41  High Templar x2  
  142  13:47  Carrier  
  148  13:54  Probe (Chrono Boost)  
  148  13:55  Carrier, Probe x3 (Chrono Boost)  
  162  14:18  Cybernetics Core  
  162  14:19  Nexus  
  162  14:22  Pylon  
  162  14:28  Photon Cannon  
  162  14:29  Probe x3 (Chrono Boost)  
  164  14:42  Probe (Chrono Boost)  
  164  14:44  Photon Cannon  
  165  14:48  Zealot x4  
  165  14:49  Dark Templar, Charge  
  165  14:50  Dark Templar  
  165  14:51  Warp Prism  
  179  15:02  Protoss Air Weapons Level 2  
  179  15:04  Photon Cannon  
  179  15:07  Protoss Air Armor Level 1  
  179  15:11  Probe (Chrono Boost), Void Ray  
  179  15:12  Probe (Chrono Boost)  
  181  15:16  Observer  
  186  15:33  Gateway  
  186  15:36  Gateway  
  186  15:38  Gateway  
  186  15:41  Carrier  
  186  15:49  Carrier, Probe x3 (Chrono Boost)  
  189  16:03  Nexus  
  189  16:04  High Templar x2, Pylon  
  199  16:06  Gateway, Pylon  
  199  16:08  Gateway, Pylon  
  199  16:12  Pylon  
  197  16:20  High Templar  
  193  16:36  Dark Templar x5  
  184  17:08  Probe (Chrono Boost)  
  185  17:12  Archon  
  191  17:19  Nexus  
  191  17:21  Pylon  
  191  17:22  Pylon  
  191  17:26  Zealot x2  
  193  17:38  Forge  
  193  17:40  Forge  
  181  18:03  Pylon  
  181  18:04  Pylon  
  181  18:05  Pylon  
  179  18:06  Assimilator  
Tags
 
Add a new tag
Caveats
  • Supply blocks, unpowered buildings, or Contaminate may cause inaccurate times.
  • Supply counts are checked every 10 seconds.